 Dungeon Crawl Stone Soup version 0.25.1-2-g60ff931df9 (webtiles) character file.

Game seed: 7786900097293321452

1489 funkygono the Cudgeler (level 8, 0/51 HPs)
             Began as a Gargoyle Monk on Oct 23, 2020.
             Slain by an ogre
             ... wielding a +0 giant spiked club
              (10 damage)
             ... on level 5 of the Dungeon.
             The game lasted 00:15:14 (6568 turns).

funkygono the Cudgeler (Gargoyle Monk)              Turns: 6568, Time: 00:15:15

Health: 0/51       AC: 14    Str: 17    XL:     8   Next: 80%
Magic:  8/8        EV: 11    Int: 11    God:
Gold:   452        SH:  5    Dex: 12    Spells: 7/7 levels left

rFire    . . .     SeeInvis .   u - +4 war axe of Earthquakes {flame, +Blink}
rCold    . . .     Gourm    .   (no shield)
rNeg     + . .     Faith    .   t - +0 scale mail
rPois    ∞         Spirit   .   (no helmet)
rElec    +         Reflect  +   k - +0 cloak
rCorr    .         Harm     .   m - +0 pair of gloves
MR       .....                  (no boots)
Stlth    ++........             d - amulet of reflection
HPRegen  0.17/turn              h - ring of stealth
MPRegen  0.11/turn              (no ring)

@: no status effects
A: negative energy resistance 1, electricity resistance, unbreathing,
petrification resistance, rot immunity, AC +5
a: Evoke Blink


You were on level 5 of the Dungeon.
You were not hungry.

You visited 1 branch of the dungeon, and saw 5 of its levels.
You also visited: Ossuary.

You collected 452 gold pieces.

Inventory:

Hand Weapons
 o - a +1 vorpal flail
 u - the +4 war axe of Earthquakes (weapon) {flame, +Blink}
   (You found it on level 4 of the Dungeon)

   It has been specially enchanted to burn those struck by it, causing extra
   injury to most foes and up to half again as much damage against particularly
   susceptible opponents.
   Big, fiery blades are also staple armaments of hydra-hunters.
   It lets you blink.
 y - a +3 flail
Missiles
 e - 17 arrows
 g - 12 bolts
 i - 50 stones (quivered)
Armour
 j - a +0 plate armour
 k - a +0 cloak (worn)
 m - a +0 pair of gloves (worn)
 t - a +0 scale mail (worn)
Jewellery
 d - an amulet of reflection (around neck)
 h - a ring of stealth (left hand)
 n - an uncursed amulet of regeneration
Wands
 l - a wand of random effects (19)
 v - a wand of polymorph (9)
 w - a wand of flame (12)
Scrolls
 p - a scroll of amnesia
 s - 6 scrolls of teleportation
 I - a scroll of remove curse
Potions
 b - a potion of magic
 f - a potion of flight {unknown}
 q - a potion of ambrosia
 x - 2 potions of mutation
 z - a potion of invisibility
 A - 2 potions of cancellation
 B - 4 potions of might
 C - 2 potions of curing {unknown}
 E - a potion of degeneration {unknown}
 K - a potion of heal wounds
Comestibles
 c - 7 rations


   Skills:
 + Level 6.1 Fighting
 + Level 2.8(5.4) Axes
 + Level 7.9(8.2) Maces & Flails
 + Level 2.6 Armour
 + Level 4.2 Dodging
 - Level 2.1 Stealth


You had 7 spell levels left.
You didn't know any spells.
Your spell library was empty.

Dungeon Overview and Level Annotations

Branches:
Dungeon (5/15)            Ossuary (visited)
 Temple: D:4-7

Altars:
Cheibriados
Elyvilon
Uskayaw
Vehumet
Wu Jian
Zin


Innate Abilities, Weirdness & Mutations

You are resistant to torment.
Your stone body is resilient. (AC +5)
You are immune to poison.
You resist negative energy. (rN+)
You are resistant to electric shocks. (rElec)
You can survive without breathing.
You are immune to petrification.
You are immune to rotting.


Message History

The ogre misses you.
You hit the ogre but do no damage. The ogre misses you.
The adder bites you but does no damage.
You slash the ogre! You burn the ogre.
The ogre is heavily wounded.
You miss the adder. You block the adder's attack. The ogre barely misses you.
You slash the ogre! You burn the ogre.
The ogre is severely wounded.
You miss the adder. The adder bites you but does no damage.
The adder closely misses you.
The ogre hits you with a +0 giant spiked club!!
* * * LOW HITPOINT WARNING * * *
You barely miss the ogre.
The ogre is severely wounded.
You slash the adder! You burn the adder.
You kill the adder!
You closely miss the ogre.
The ogre is severely wounded.
The ogre hits you with a +0 giant spiked club!
You die...

...## ...' ...# ...#
... ...# #.#########
...#
#.#.......###O..#
#.#.#.......@...##.
#.#.#............(..
#.#.#..###..........
#.#.#..#............
##......#.#..........
#..#..#<#.#..........
##.##...#.#..........
#.###..#.#..........
#.#.##...#.........


You could see an ogre.

Vanquished Creatures
  A hippogriff (D:4)
  3 ogres
  A bullfrog skeleton (D:4)
  2 orc priests
  6 gnoll shamans
  Terence (D:2)
  A worker ant (D:4)
  2 big kobold zombies (Ossuary)
  9 mummies
  44 gnolls
  6 adders
  3 worms
  5 dart slugs
  A leopard gecko (D:4)
  9 orcs
  A ball python (D:2)
  4 giant cockroaches
  A gnoll zombie (Ossuary)
  8 goblins
  4 hobgoblins
  17 jackals
  2 quokkas
  7 bats
  3 frilled lizards (D:1)
  A hobgoblin zombie (Ossuary)
  9 kobolds
  4 kobold zombies (Ossuary)
  5 rats
  A plant (D:3)
161 creatures vanquished.

Notes
Turn   | Place    | Note
-------+----------+-------------------------------------------
     0 | D:1      | funkygono the Gargoyle Monk began the quest for the Orb.
     0 | D:1      | Reached XP level 1. HP: 14/14 MP: 1/1
   205 | D:1      | Reached XP level 2. HP: 19/19 MP: 2/2
   820 | D:1      | Reached XP level 3. HP: 24/24 MP: 3/3
  1010 | D:2      | Found an ornate altar of the Wu Jian Council.
  1013 | D:2      | Found a hide-covered altar of Uskayaw.
  1013 | D:2      | Found a glowing silver altar of Zin.
  1018 | D:2      | Found a white marble altar of Elyvilon.
  1019 | D:2      | Found a snail-covered altar of Cheibriados.
  1121 | D:2      | Noticed Terence
  1135 | D:2      | Killed Terence
  1260 | D:2      | Reached XP level 4. HP: 25/29 MP: 4/4
  1265 | D:2      | Reached skill level 4 in Maces & Flails
  2020 | D:3      | Reached XP level 5. HP: 28/33 MP: 5/5
  2025 | D:3      | Reached skill level 1 in Armour
  2698 | D:3      | Noticed an ogre
  2707 | D:3      | Killed an ogre
  2707 | D:3      | Reached skill level 5 in Maces & Flails
  2707 | D:3      | Reached XP level 6. HP: 39/39 MP: 6/6
  3500 | D:3      | Reached XP level 7. HP: 26/44 MP: 4/7
  3502 | D:3      | Reached skill level 6 in Maces & Flails
  3799 | D:3      | Reached skill level 5 in Fighting
  4651 | D:3      | Reached skill level 7 in Maces & Flails
  4672 | D:3      | Reached XP level 8. HP: 34/50 MP: 8/8
  4978 | D:4      | Noticed a hippogriff
  4987 | D:4      | Killed a hippogriff
  5119 | D:4      | Got an ichor-stained war axe
  5120 | D:4      | Identified the +4 war axe of Earthquakes {flame, +Blink}
                  | (You found it on level 4 of the Dungeon)
  5306 | D:4      | Found a radiant altar of Vehumet.
  5338 | D:4      | Reached skill level 1 in Axes
  6088 | D:5      | Entered Level 5 of the Dungeon
  6107 | D:5      | Found a sand-covered staircase.
  6114 | Ossuary  | Entered an ossuary
  6568 | D:5      | Slain by an ogre

Illustrated notes

Levels and vault maps discovered:
D:1:      shiori_shiawase, layout_basic
D:2:      layout_basic, grunt_temple_overflow_open, first_ration, uniq_terence
D:3:      lemuel_castle_with_subvaults [lemuel_castle_interior_carwin_3],
          layout_loops_ring
D:4:      layout_basic, vehumet_altar_wand_db
D:5:      layout_basic, minmay_temple_entry_hall, gup_ossuary_entry_pyramid,
          nicolae_underground_beach

Skill      XL: |  1  2  3  4  5  6  7  8 |
---------------+-------------------------+-----
Dodging        | 3 4 |  4.2
Maces & Flails | 4 5 7 |  7.9
Fighting       | 4 5 6 |  6.1
Armour         | 1 2 |  2.6
Axes           | 2 |  2.8
Stealth        | |  2.1

Action                   |  1- 3 |  4- 6 |  7- 9 || total
-------------------------+-------+-------+-------++-------
Melee: Mace              |   117 |   119 |       ||   236
       Flail             |       |   157 |   123 ||   280
       War axe           |       |       |   108 ||   108
Throw: Stone             |       |    12 |    10 ||    22
  Use: Scroll            |     2 |     3 |    10 ||    15
       Potion            |       |     1 |       ||     1
 Stab: Sleeping          |     2 |     1 |     4 ||     7
  Eat: Chunk             |     1 |     8 |     8 ||    17
       Ration            |       |       |     1 ||     1
Armor: Robe              |    19 |       |       ||    19
       Plate armour      |    32 |    90 |       ||   122
       Leather armour    |       |    43 |    50 ||    93
       Scale mail        |       |       |     2 ||     2
Dodge: Dodged            |    74 |   131 |    99 ||   304
Block: Other             |    44 |    70 |    36 ||   150
       Reflection        |       |     1 |     1 ||     2
